 Dungeon Crawl Stone Soup version 0.32-a0-818-gb728d0252e (webtiles) character file.

Game seed: 7968659197761512757

125 Lanoc the Ruffian (level 4, -2/40 HPs)
             Began as a Troll Shapeshifter on Mar 24, 2024.
             Slain by a hobgoblin (6 damage)
             ... led by Robin
             ... on level 3 of the Dungeon.
             The game lasted 00:01:38 (1575 turns).

Lanoc the Ruffian (Troll Shapeshifter)              Turns: 1575, Time: 00:01:38

Health: -2/40      AC:  4    Str: 22    XL:     4   Next: 82%
Magic:  3/3        EV:  8    Int:  6    God:
Gold:   61         SH:  0    Dex: 11    Spells: 3/3 levels left

rFire   . .          .
                       - Unarmed
rCold   . . .        (no shield)
rNeg    + . .        a - +0 animal skin
rPois   .            (helmet currently unavailable)
rElec   .            (cloak currently unavailable)
rCorr   .            (gloves unavailable)
SInv    .            (boots unavailable)
Will    .....        (no amulet)
Stlth   +            h - ring of positive energy
HPRegen 1.06/turn    (no ring)
MPRegen 0.08/turn

%: no passive effects
@: beast-form
A: beast (slay +2), large, unfitting armour, claws 3, regeneration 1, shaggy fur
1, tough skin 1
a: Begin Untransformation


You were on level 3 of the Dungeon.
You were a hulking beast.
You visited 1 branch of the dungeon, and saw 3 of its levels.

You collected 61 gold pieces.

Inventory:

Armour
 a - a +0 animal skin (worn)
 j - a scarf of harm
Jewellery
 h - a ring of positive energy (left claw)
Talismans
 c - a beast talisman (active)
 d - a flux talisman
Scrolls
 e - 2 scrolls of teleportation {unknown}
 f - 2 scrolls of blinking {unknown}
 i - a scroll of brand weapon {unknown}
Potions
 b - a potion of lignification
 g - a potion of might {unknown}


   Skills:
 - Level 0.7 Fighting
 - Level 1.5 Dodging
 + Level 4.4 Unarmed Combat
 + Level 4.2 Shapeshifting


You had 3 spell levels left.
You didn't know any spells.
Your spell library contained the following spells:

 Spells                   Type           Power      Damage    Failure   Level
 Slow                     Hex            0%         N/A       45%         1
 Mercury Vapours          Alch/Air       0%         N/A       58%         2
 Confusing Touch          Hex            0%         N/A       83%         3
 Summon Ice Beast         Ice/Summ       0%         N/A       83%         3
 Vampiric Draining        Necr           0%         2d6       83%         3
 Plasma Beam              Fire/Air       0%         2x1d10    100%        6


Dungeon Overview and Level Annotations

Branches:
Dungeon (3/15)

Altars:

Shops:
D:1 =

Annotations:
D:3 Robin


Innate Abilities, Weirdness & Mutations

You are a hulking beast.
Your limbs bulge with bestial killing power. (Slay +2)
You are too large for most types of armour.
You have claws for hands.
Your natural rate of healing is unusually fast.
You are covered in fur. (AC +1)
You have tough skin. (AC +1)


Message History

The hobgoblin hits you but does no damage.
You hear an angry hiss.
You closely miss Robin.
The goblin shoots a sling bullet.
The sling bullet closely misses you.
You scratch Robin.
Robin is moderately wounded.
Robin hits you with a +0 short sword. The hobgoblin hits you.
The hobgoblin closely misses you. The hobgoblin completely misses you.
The hobgoblin closely misses you.
A frilled lizard comes into view.
The goblin shoots a sling bullet.
The sling bullet closely misses you.
The sling bullet misses the hobgoblin.
You are too injured to fight recklessly!
You are too injured to fight recklessly!
You are too injured to fight recklessly!
You are too injured to fight recklessly!
You are too injured to fight recklessly!
You are too injured to fight recklessly!
You are too injured to fight recklessly!
You are too injured to fight recklessly!
You are too injured to fight recklessly!
You are too injured to fight recklessly!
You are too injured to fight recklessly!
You are too injured to fight recklessly!
You are too injured to fight recklessly!
You are too injured to fight recklessly!
You are too injured to fight recklessly!
The hobgoblin hits you. Robin attacks as they pursue you!
Robin hits you with a +0 short sword.
* * * LOW HITPOINT WARNING * * *
The hobgoblin attacks as it pursues you!
The hobgoblin hits you.
* * * LOW HITPOINT WARNING * * *
The hobgoblin misses you. The hobgoblin closely misses you.
The hobgoblin attacks as it pursues you!
The hobgoblin hits you.
* * * LOW HITPOINT WARNING * * *
The hobgoblin attacks as it pursues you!
The hobgoblin barely misses you. The hobgoblin hits you.
You die...

#......#.###.#.#####
########.# ##.## #.#
### #.# #.# #.# #.#
#########.#######
.......hg.#......
#.##.###gg..#
#.g...####.
##gg.......
#....)....###.
#####l.#.## #..#$#
...#.# ##.....


You could see Robin, 4 hobgoblins, a goblin (strong) and a frilled lizard.

Vanquished Creatures
  2 adders (D:2)
  4 gnolls (D:2)
  A dart slug (D:1)
  3 ball pythons
  6 endoplasms
  2 giant cockroaches
  5 goblins
  4 hobgoblins
  10 jackals
  2 quokkas (D:2)
  8 bats
  2 frilled lizards
  6 kobolds
  7 rats
62 creatures vanquished.

Notes
Turn   | Place    | Note
-------+----------+-------------------------------------------
     0 | D:1      | Lanoc the Troll Shapeshifter began the quest for the Orb.
     0 | D:1      | Reached XP level 1. HP: 18/18 MP: 0/0
    36 | D:1      | Reached XP level 2. HP: 17/26 MP: 1/1
    59 | D:1      | Found Atastrua's Jewellery Emporium.
   410 | D:2      | Reached XP level 3. HP: 30/32 MP: 2/2
   459 | D:2      | Got the Quarto of Pneumatic Invitation
   660 | D:2      | Reached XP level 4. HP: 24/40 MP: 3/3
  1559 | D:3      | Noticed Robin
  1575 | D:3      | Slain by a hobgoblin

Illustrated notes

Levels and vault maps discovered:
D:1:      lightli_arrival_maybe_door_vault, layout_rooms, serial_shops, shop
D:2:      layout_loops_ring
D:3:      layout_loops_corners, kennysheep_doodads, uniq_robin

Skill      XL: |  1  2  3 |
---------------+----------+-----
Unarmed Combat | 4 |  4.4
Shapeshifting  | 4 |  4.2
Fighting       | |  0.7
Dodging        | |  1.5

Action                     |  1- 3 |  4- 6 || total
---------------------------+-------+-------++-------
  Melee: Unarmed           |    90 |    40 ||   130
         Punch             |     1 |       ||     1
   Stab: Sleeping          |       |     1 ||     1
 Armour: Animal skin       |    77 |    48 ||   125
  Dodge: Dodged            |    69 |    33 ||   102

Table legend: (Time is in decaauts)
 A = Elapsed time spent in this place.
 B = Non-inter-level travel time spent in this place.
 C = Inter-level travel time spent in this place.
 D = Time resting spent in this place.
 E = Time spent auto-exploring this place.
 F = Levels seen in this place.
 G = Mean time per level.
                   A        B        C        D        E       F      G
               +--------+--------+--------+--------+--------+-----+--------+
         Total |   1564 |   1514 |     50 |    200 |   1033 |   3 |  521.3 |
       Dungeon |   1564 |   1514 |     50 |    200 |   1033 |   3 |  521.3 |
               +--------+--------+--------+--------+--------+-----+--------+

Top non-repeatable levels by time:
     D:2: 952 daAuts
     D:1: 390 daAuts
     D:3: 221 daAuts
